 Dungeon Crawl Stone Soup version 0.32-a0-384-gdd28848 (webtiles) character file.

Game seed: 9777922444949323667

2775 Dorkslayer the Cleaver (level 9, -2/75 HPs)
             Began as a Mountain Dwarf Fighter on Feb 17, 2024.
             Was a Believer of Okawaru.
             Slain by an orc knight
             ... wielding a +0 halberd
              (13 damage)
             ... in a bailey on Feb 19, 2024.
             The game lasted 00:19:31 (5615 turns).

Dorkslayer the Cleaver (Mountain Dwarf Fighter)     Turns: 5615, Time: 00:19:32

Health: -2/75      AC: 19    Str: 27    XL:     9   Next: 42%
Magic:  11/12      EV: 10    Int:  9    God:    Okawaru [**....]
Gold:   224        SH:  6    Dex: 11    Spells: 8/8 levels left

rFire   . . .        e - +0 hand axe (elec)
rCold   . . .        c - +0 buckler
rNeg    . . .        j - +1 plate armour
rPois   .            y - +0 helmet
rElec   .            p - +0 cloak
rCorr   .            (no gloves)
SInv    .            (no boots)
Will    +....        (no amulet) Stlth
                     i - ring of willpower
HPRegen 0.32/turn    o - +6 ring of strength
MPRegen 0.13/turn

%: no passive effects
@: about to teleport, heroic
A: runic magic, artefact enchanting
a: Renounce Religion, Heroism


You were in a bailey.
You worshipped Okawaru.
Okawaru was pleased with you.
You visited 2 branches of the dungeon, and saw 8 of its levels.
You also visited: Bailey.

You collected 224 gold pieces.

Inventory:

Hand Weapons
 a - a +1 war axe
 e - a +0 hand axe of electrocution (weapon)
 A - a +1 broad axe of distortion
Missiles
 g - 4 boomerangs (quivered)
 u - 5 datura-tipped darts
 v - 4 javelins
Armour
 c - a +0 buckler (worn)
 j - a +1 plate armour (worn)
 p - a +0 cloak (worn)
 y - a +0 helmet (worn)
Jewellery
 i - a ring of willpower (left hand)
 o - a +6 ring of strength (right hand)
Wands
 d - a wand of polymorph (7)
 q - a wand of flame (13)
 r - a wand of iceblast (8)
 x - a wand of paralysis (5)
Scrolls
 b - 4 scrolls of teleportation
 k - 2 scrolls of immolation
 n - a scroll of fog
 s - a scroll of revelation
Potions
 f - 2 potions of curing
 h - 2 potions of brilliance
 t - a potion of mutation {unknown}
 w - a potion of magic {unknown}


   Skills:
 + Level 5.7(10.7) Fighting
 + Level 8.7(13.7) Axes
 + Level 6.6(11.6) Armour
 * Level 3.9(8.9) Dodging
 + Level 1.0(6.0) Stealth
 + Level 5.1(10.1) Shields
 * Level 4.2 Invocations
 * Level 4.1 Evocations


You had 8 spell levels left.
You didn't know any spells.
Your spell library contained the following spells:

 Spells                   Type           Power      Damage    Failure   Level
 Slow                     Hex            0%         N/A       58%         1
 Blink                    Tloc           0%         N/A       75%         2
 Lesser Beckoning         Tloc           0%         N/A       75%         2
 Momentum Strike          Conj/Tloc      0%         3d8       75%         2
 Confusing Touch          Hex            0%         N/A       92%         3
 Sigil of Binding         Hex            0%         N/A       92%         3
 Vampiric Draining        Necr           0%         2d6       92%         3


Dungeon Overview and Level Annotations

Branches:
Dungeon (7/15)             Temple (1/1) D:4          Bailey (1/1)

Altars:
Ashenzari
Cheibriados
Dithmenos
Elyvilon
Fedhas
Gozag
Hepliaklqana
Kikubaaqudgha
Makhleb
Nemelex Xobeh
Okawaru
Qazlal
Sif Muna
Uskayaw
Vehumet
Wu Jian
Xom
Yredelemnul
Zin
The Shining One

Shops:
D:5 =

Annotations:
Bailey 2 runed translucent doors


Innate Abilities, Weirdness & Mutations

Your spellcasting is much less encumbered by armour.
You can use scrolls of enchantment on lesser artefacts.


Message History

The orc knight hits you from afar with a +0 halberd.
The orc warrior misses you. You block the orc warrior's attack. x2
The orc warrior closely misses you.
Aiming: Paralyse
Press: ? - help, Shift-Dir - straight line, f/p - orc warrior
Aim: an orc warrior, wielding a +0 glaive and wearing a +0 scale mail (severely wounded, strong, chance to affect: 59%)
Okay, then.
Aiming: Iceblast
Press: ? - help, Shift-Dir - straight line, f/p - orc warrior
Aim: an orc warrior, wielding a +0 glaive and wearing a +0 scale mail (severely wounded, strong)
The mass of ice explodes!
The iceblast engulfs the orc warrior!
You kill the orc warrior!
Okawaru accepts your kill.
The iceblast engulfs the orc knight.
The orc knight is lightly wounded.
The iceblast engulfs the orc warrior!!
You kill the orc warrior!
Okawaru accepts your kill.
The orc warrior hits you with a +0 halberd!!
* * * LOW HITPOINT WARNING * * *
The orc warrior hits you from afar with a +0 spear.
* * * LOW HITPOINT WARNING * * *
The orc knight hits you but does no damage.
The orc warrior closely misses you.
Your base Stealth skill increases to level 1!
Your Evocations skill increases to level 4!
Okay, then.
Okay, then.
Okay, then.
You feel better. You block the orc warrior's attack. x2
The orc knight hits you from afar with a +0 halberd!
* * * LOW HITPOINT WARNING * * *
The orc warrior hits you but does no damage.
As you read the scroll of teleportation, it crumbles to dust.
You feel strangely unstable.
The orc warrior hits you with a +0 halberd.
* * * LOW HITPOINT WARNING * * *
You block the orc warrior's attack.
The orc knight hits you from afar with a +0 halberd!
You die...

.... .... ß..o ...#
##++# #o.# #....##..#
....#o.# #..#)o#
#..#.)# # #@o# #. #.)#
#..########oo#
#...ß....ß...##
..............### ♣♣♣♣#
.####''####.$#.##
≈≈..####........####..#
≈≈≈...................#
≈≈≈≈............♣....♣#


You could see an orc knight, 4 orc warriors and 2 orcs.

Vanquished Creatures
  Maggie (D:6)
  Jeremiah (D:6)
  Sigmund (D:2)
  The ghost of ooops the Insei, an amateur DsSh of Qazlal (D:3)
  Duvessa (D:6)
  A black bear (D:3)
  2 orc warriors (Bailey)
  2 sky beasts (D:6)
  An ogre (D:5)
  A phantom (D:5)
  A bullfrog (D:6)
  A kobold brigand (D:6)
  3 scorpions
  Dowan (D:6)
  A bombardier beetle (D:5)
  2 howler monkeys (D:6)
  4 hounds
  A gnoll bouda (D:6)
  Crazy Yiuf (D:4)
  An orc priest (D:3)
  3 iguanas
  Terence (D:3)
  Natasha (thrice) (D:4)
  An orc wizard (D:6)
  8 gnolls
  6 adders
  A shadow imp (D:5)
  A white imp (D:6)
  7 dart slugs
  17 orcs
  6 ball pythons
  6 endoplasms
  4 giant cockroaches
  4 hobgoblins
  11 jackals (D:1)
  15 kobolds
  3 quokkas
  2 training dummies (D:6)
  7 bats
  3 frilled lizards
  3 goblins
  7 rats
147 creatures vanquished.

Notes
Turn   | Place    | Note
-------+----------+-------------------------------------------
     0 | D:1      | Dorkslayer the Mountain Dwarf Fighter began the quest for
                  | the Orb.
     0 | D:1      | Reached XP level 1. HP: 19/19 MP: 1/1
    60 | D:1      | Reached XP level 2. HP: 24/26 MP: 2/2
   208 | D:1      | Reached XP level 3. HP: 31/31 MP: 3/3
   284 | D:1      | Reached skill level 3 in Axes
   612 | D:1      | Reached XP level 4. HP: 37/40 MP: 4/4
   784 | D:1      | Reached skill level 1 in Dodging
  1405 | D:2      | Found a faded altar of an unknown god.
  1445 | D:2      | Noticed Sigmund
  1455 | D:2      | Killed Sigmund
  1456 | D:2      | Reached skill level 4 in Axes
  1456 | D:2      | Reached XP level 5. HP: 44/46 MP: 5/5
  1456 | D:2      | Reached XP level 6. HP: 50/52 MP: 6/6
  1695 | D:3      | Reached skill level 5 in Axes
  1725 | D:3      | Found a basalt altar of Yredelemnul.
  1831 | D:3      | Upgraded the game from 0.32-a0-351-gc6a9d31 to
                  | 0.32-a0-352-gb72868e
  1831 | D:3      | Upgraded the game from 0.32-a0-352-gb72868e to
                  | 0.32-a0-376-g7f4458d
  1860 | D:3      | Found a runed translucent door.
  1860 | D:3      | Noticed ooops's ghost (amateur DsSh)
  1878 | D:3      | Killed ooops's ghost
  1879 | D:3      | Reached XP level 7. HP: 60/60 MP: 7/7
  2416 | D:3      | Reached skill level 6 in Axes
  2464 | D:3      | Noticed Terence
  2472 | D:3      | Killed Terence
  2941 | D:4      | Found a stormy altar of Qazlal.
  3056 | D:4      | Found a staircase to the Ecumenical Temple.
  3079 | D:4      | Reached skill level 1 in Evocations
  3105 | Temple   | Entered the Ecumenical Temple
  3396 | Temple   | Became a worshipper of Warmaster Okawaru
  3682 | D:4      | Found a runed translucent door.
  3683 | D:4      | Noticed Crazy Yiuf
  3697 | D:4      | Killed Crazy Yiuf
  3919 | D:4      | Noticed Natasha
  3926 | D:4      | Killed Natasha
  4087 | D:4      | Noticed Natasha
  4092 | D:4      | Killed Natasha
  4175 | D:4      | Noticed Natasha
  4180 | D:4      | Killed Natasha
  4199 | D:5      | Entered Level 5 of the Dungeon
  4260 | D:5      | Reached skill level 5 in Armour
  4327 | D:5      | Reached XP level 8. HP: 53/67 MP: 8/8
  4450 | D:5      | Reached skill level 7 in Axes
  4796 | D:5      | Found Imamutt's Jewellery Emporium.
  4875 | D:6      | Reached skill level 5 in Fighting
  4875 | D:6      | Reached skill level 1 in Invocations
  4878 | D:6      | Reached * piety under Okawaru
  4894 | D:6      | Found a snail-covered altar of Cheibriados.
  4894 | D:6      | Found a shimmering altar of Xom.
  4980 | D:6      | Noticed Duvessa
  4981 | D:6      | Noticed Dowan
  4989 | D:6      | Killed Duvessa
  4992 | D:6      | Killed Dowan
  5190 | D:6      | Noticed Maggie
  5192 | D:6      | Reached skill level 8 in Axes
  5193 | D:6      | Upgraded the game from 0.32-a0-376-g7f4458d to
                  | 0.32-a0-384-gdd28848
  5193 | D:6      | Reached ** piety under Okawaru
  5226 | D:6      | Killed Maggie
  5227 | D:6      | Reached skill level 5 in Shields
  5227 | D:6      | Reached XP level 9. HP: 59/74 MP: 11/11
  5494 | D:6      | Noticed Jeremiah
  5512 | D:6      | Killed Jeremiah
  5538 | D:7      | Found a flagged portal.
  5546 | Bailey   | Entered a bailey
  5603 | Bailey   | Noticed an orc knight
  5606 | Bailey   | Found a large runed translucent door.
  5606 | Bailey   | Found a large runed translucent door.
  5608 | Bailey   | Noticed a deep elf pyromancer
  5614 | Bailey   | Reached skill level 1 in Stealth
  5615 | Bailey   | Slain by an orc knight

Illustrated notes

Levels and vault maps discovered:
D:1:      dpeg_arrival_three_same_balls, layout_basic
D:2:      layout_basic, shapermc_ecumenical_altar_acropolis, uniq_sigmund
D:3:      layout_basic, yredelemnul_altar_generic,
          hellmonk_ghost_happy_afterlife, chequers_serial_rivers_room_a,
          minivault_27, grunt_ministairs_15, uniq_terence
D:4:      layout_gridville, mainiacjoe_overflow_brackets, temple_pool_b,
          uniq_crazy_yiuf_cottage, uniq_natasha
D:5:      layout_basic, serial_shops, kennysheep_mini,
          minmay_misc_feat_four_crosses
D:6:      dreamdust_elfheim, layout_rooms, nicolae_overflow_two_pavilions,
          uniq_jeremiah, uniq_maggie
D:7:      layout_basic, trog_antimagical, enter_bailey_2,
          serial_co_window_serial, co_window_paths_a, co_window_paths_a,
          co_window_paths_a, co_window_paths_a, co_window_paths_b,
          co_window_unsneaky_path_c, co_window_corner_cb,
          co_window_unsneaky_path_d, co_window_unsneaky_path_e,
          co_window_cross_4, co_window_4corner_a, glass_columns_a,
          glass_columns_b, glass_columns_a, glass_columns_c,
          minmay_misc_feat_columns, kennysheep_small_circle
Temple:   minmay_temple_bridge_d
Bailey:   bailey_polearm_elven_captive_hellmonk, bailey

Skill      XL: |  1  2  3  4  5  6  7  8  9 |
---------------+----------------------------+-----
Axes           | 3 4 5 6 8 |  8.7
Dodging        | 1 2 3 |  3.9
Shields        | 4 5 |  5.1
Fighting       | 4 5 |  5.7
Armour         | 4 5 6 |  6.6
Evocations     | 1 3 4 |  4.1
Invocations    | 3 4 |  4.2
Stealth        | 1 |  1.0

Action                     |  1- 3 |  4- 6 |  7- 9 || total
---------------------------+-------+-------+-------++-------
  Melee: Hand axe          |    87 |    78 |   305 ||   470
  Throw: Boomerang         |       |       |     2 ||     2
 Invoke: Heroism           |       |       |     3 ||     3
  Evoke: Wand              |       |       |     5 ||     5
    Use: Scroll            |       |    10 |     5 ||    15
         Potion            |       |     1 |     7 ||     8
   Stab: Paralysed         |       |       |     4 ||     4
 Armour: Scale mail        |    77 |    34 |       ||   111
         Chain mail        |       |    15 |       ||    15
         Plate armour      |       |       |   215 ||   215
  Dodge: Dodged            |    69 |    49 |   109 ||   227
  Block: Buckler           |    28 |    21 |    60 ||   109

Table legend: (Time is in decaauts)
 A = Elapsed time spent in this place.
 B = Non-inter-level travel time spent in this place.
 C = Inter-level travel time spent in this place.
 D = Time resting spent in this place.
 E = Time spent auto-exploring this place.
 F = Levels seen in this place.
 G = Mean time per level.
                   A        B        C        D        E       F      G
               +--------+--------+--------+--------+--------+-----+--------+
         Total |   5578 |   5312 |    266 |    100 |   2843 |   9 |  619.8 |
       Dungeon |   5147 |   5147 |      0 |    100 |   2843 |   7 |  735.3 |
        Temple |    364 |     98 |    266 |      0 |      0 |   1 |  364.0 |
        Bailey |     66 |     66 |      0 |      0 |      0 |   1 |   66.0 |
               +--------+--------+--------+--------+--------+-----+--------+

Top non-repeatable levels by time:
     D:3: 1213 daAuts
     D:4: 935 daAuts
     D:1: 882 daAuts
     D:2: 794 daAuts
     D:6: 677 daAuts
     D:5: 636 daAuts
  Temple: 364 daAuts
  Bailey: 66 daAuts
     D:7: 7 daAuts
